 Dungeon Crawl Stone Soup version 0.30-a0-860-g512cf1e979 (webtiles) character file.

Game seed: 5821462968669205668

245 Datul the Cudgeller (level 5, -12/38 HPs)
             Began as a Demonspawn Warper on Mar 7, 2023.
             Was an Initiate of Okawaru.
             Killed by an exploding quasit (20 damage)
             ... ignited by their inner flame
             ... on level 4 of the Dungeon.
             The game lasted 00:12:17 (4232 turns).

Datul the Cudgeller (Demonspawn Warper)             Turns: 4232, Time: 00:12:17

Health: -12/38     AC:  8    Str: 14    XL:     5   Next: 84%
Magic:  0/8        EV: 11    Int: 14    God:    Okawaru [......]
Gold:   243        SH:  0    Dex: 12    Spells: 8/8 levels left

rFire   + . .      SeeInvis .    s - +0 flail
rCold   . . .      Faith    .    (no shield)
rNeg    + . .      Spirit   +    e - +1 ring mail {rN+}
rPois   .          Reflect  .    (no helmet)
rElec   .          Rampage  +    A - +0 cloak
rCorr   .                        (no gloves)
Will    .....                    f - +0 pair of boots {rampage}
Stlth   +                        h - amulet of guardian spirit
HPRegen 0.26/turn                k - ring of protection from fire
MPRegen 0.11/turn                (no ring)

@: no status effects
A: hooves 1
a: Renounce Religion


You were on level 4 of the Dungeon.
You worshipped Okawaru.
Okawaru was noncommittal.
You visited 2 branches of the dungeon, and saw 6 of its levels.

You collected 243 gold pieces.

Inventory:

Hand Weapons
 a - a +0 mace
 s - a +0 flail (weapon)
Missiles
 d - 6 boomerangs of dispersal (quivered)
 q - a curare-tipped dart
 u - 25 poisoned darts
Armour
 b - a +0 leather armour
 e - a +1 ring mail of positive energy (worn)
 f - a +0 pair of boots of rampaging (worn)
 A - a +0 cloak (worn)
Jewellery
 h - an amulet of guardian spirit (around neck)
 k - a ring of protection from fire (left hand)
 y - a ring of protection from fire
Scrolls
 c - 2 scrolls of blinking
 g - a scroll of noise
 l - a scroll of butterflies
 m - 3 scrolls of fear
 n - a scroll of torment {unknown}
 p - a scroll of enchant weapon {unknown}
Potions
 i - 2 potions of attraction {unknown}
 r - a potion of mutation
 t - a potion of degeneration {unknown}
 v - a potion of heal wounds
 w - a potion of invisibility {unknown}
 x - a potion of cancellation
 z - a potion of haste
 B - a potion of ambrosia {unknown}
 C - a potion of brilliance


   Skills:
 - Level 2.1 Fighting
 + Level 5.3 Maces & Flails
 - Level 1.0 Throwing
 - Level 1.0 Armour
 - Level 2.0 Dodging
 - Level 2.1 Spellcasting
 - Level 2.7 Translocations
 + Level 0.4 Invocations


You had 8 spell levels left.
You didn't know any spells.
Your spell library contained the following spells:

 Spells                   Type           Power      Damage    Failure   Level
 Blink                    Tloc           18%        N/A       24%         2
 Lesser Beckoning         Tloc           18%        N/A       24%         2
 Teleport Other           Tloc           9%         N/A       43%         3
 Vhi's Electric Charge    Tloc/Air       10%        N/A       63%         3
 Manifold Assault         Tloc           9%         N/A       83%         4
 Cause Fear               Hex            0%         N/A       99%         4
 Dragon Form              Tmut           0%         N/A       100%        7
 Dragon's Call            Summ           Unusable   N/A       N/A         9

Dungeon Overview and Level Annotations

Branches:
Dungeon (5/15) Zot: 25788  Temple (1/1) D:4 Zot: 5921

Altars:
Ashenzari
Dithmenos
Fedhas
Gozag
Hepliaklqana
Kikubaaqudgha
Makhleb
Nemelex Xobeh
Okawaru
Qazlal
Ru
Sif Muna
Trog
Uskayaw
Xom
Yredelemnul

Shops:
D:1 (

Annotations:
D:4 Eustachio


Innate Abilities, Weirdness & Mutations

You have large cloven feet.


Message History

The quasit claws you but does no damage. x2
Eustachio casts a spell.
Eustachio blinks!
The white imp gestures at you.
The puff of frost hits you but does no damage.
Unknown command.
The white imp attacks as you move away!
The white imp hits you but does no damage.
The quasit bites you but does no damage.
The quasit misses you. The quasit closely misses you.
You rampage towards Eustachio!
The white imp barely misses you. The quasit attacks as you move away!
The quasit closely misses you. The quasit claws you.
The quasit claws you but does no damage.
The quasit closely misses you. The quasit barely misses you.
The quasit claws you but does no damage.
Eustachio hits you with a +1 rapier of speed.
You take 5 damage, and have 22/38 hp.
You now have 3/8 mp.
You hit the white imp.
Flame seeps out of the white imp.
The white imp is severely wounded.
The quasit bites you but does no damage.
The quasit claws you but does no damage.
The quasit barely misses you.
Eustachio gestures wildly while chanting.
Eustachio blinks!
The white imp is engulfed in blazing flames.
The white imp disappears in a puff of smoke!
The white imp explodes!
The fiery explosion engulfs you! You resist.
* * * LOW MAGIC WARNING * * *;
* * * LOW HITPOINT WARNING * * *
The fiery explosion engulfs the rat!!
The rat's corpse disappears in a puff of smoke!
The fiery explosion engulfs the quasit!!
The quasit resists.
The quasit disappears in a puff of smoke!
The quasit explodes!
The fiery explosion engulfs you!! You resist.
* * * LOW MAGIC WARNING * * *
Ouch! That really hurt!
You die...

#.###.# ##.........#####.##
#.#...# ##.#########.....#
#.#.#.# #.# #.....# #.....# #.#
#.....# ###.###### ##'## ##.####
###.......# ##...## #.#
.......##.###.....## ##.#
.##....##.##.......## ##..#
.##....##.#.....@§§.####...#####
..........'....§§○§.+..........#
.##....##.#....§§§§@###....###.#
.##.#..##.##..<....###.....# #.#
.##.##.##.###.....## #..#### #.#
###.......# ##...## #..# #.#
####.#### ##'## #..######.# #.#
#.# #.........# #^########.#
#.#########


You could see Eustachio (inner flame).

Vanquished Creatures
  An ogre (D:4)
  A hound (D:3)
  3 adders
  An ufetubus (D:4)
  2 dart slugs
  An orc (D:4)
  11 ball pythons
  9 endoplasms
  4 giant cockroaches
  6 goblins
  7 hobgoblins
  6 jackals
  3 quokkas
  3 bats
  2 frilled lizards
  14 kobolds
  9 rats
83 creatures vanquished.

Vanquished Creatures (others)
  8 plants (D:1)
8 creatures vanquished.

Grand Total: 91 creatures vanquished

Notes
Turn   | Place    | Note
-------+----------+-------------------------------------------
     0 | D:1      | Datul the Demonspawn Warper began the quest for the Orb.
     0 | D:1      | Reached XP level 1. HP: 16/16 MP: 3/3
   170 | D:1      | Reached skill level 1 in Throwing
   170 | D:1      | Reached skill level 1 in Armour
   184 | D:1      | Gained mutation: You have large cloven feet. [demonic
                  | ancestry]
   184 | D:1      | Reached XP level 2. HP: 3/22 MP: 5/5
   283 | D:1      | Found Ivulup's Weapon Shop.
   302 | D:1      | Reached skill level 2 in Maces & Flails
   622 | D:1      | Reached XP level 3. HP: 14/27 MP: 6/6
  1099 | D:2      | Reached skill level 3 in Maces & Flails
  1322 | D:2      | Found a hazy altar of Hepliaklqana.
  1610 | D:2      | Reached XP level 4. HP: 31/33 MP: 5/7
  2678 | D:3      | Reached skill level 4 in Maces & Flails
  3063 | D:4      | Reached XP level 5. HP: 38/38 MP: 8/8
  3186 | D:4      | Noticed an ogre
  3190 | D:4      | Killed an ogre
  3191 | D:4      | Reached skill level 5 in Maces & Flails
  3269 | D:4      | Found a staircase to the Ecumenical Temple.
  3318 | Temple   | Entered the Ecumenical Temple
  3378 | Temple   | Became a worshipper of Warmaster Okawaru
  3528 | D:4      | Noticed Eustachio
  3584 | D:5      | Entered Level 5 of the Dungeon
  3717 | D:4      | Found a broken altar of Ashenzari.
  4129 | D:4      | Found a blossoming altar of Fedhas.
  4232 | D:4      | Killed by an exploding quasit... ignited by their inner
                  | flame

Illustrated notes

Levels and vault maps discovered:
D:1:      minmay_arrival_stone_box, layout_loops_ring, serial_shops, shop,
          hangedman_abyss_or_decor_stabs, minmay_misc_feat_more_columns,
          lexackson_kobold_supper
D:2:      layout_loops_corners, basic_altar
D:3:      layout_loops_corners
D:4:      layout_loops_corners, nicolae_ashenzari_panopticon,
          nicolae_overflow_hidden_temple, temple_doors_e, uniq_eustachio
D:5:      layout_basic, gammafunk_ghost_split, chequers_serial_rivers_small_3,
          palyth_stone_intersect
Temple:   compressed_dpeg_triangle_lava_temple

Skill      XL: |  1  2  3  4  5 |
---------------+----------------+-----
Throwing       | 1 |  1.0
Armour         | 1 |  1.0
Dodging        | 2 |  2.0
Maces & Flails | 2 3 4 5 |  5.3
Fighting       | |  2.1
Spellcasting   | |  2.1
Translocations | |  2.7
Invocations    | |  0.4

Action                     |  1- 3 |  4- 6 || total
---------------------------+-------+-------++-------
  Melee: Mace              |   192 |    27 ||   219
         Kick              |    29 |    20 ||    49
         Punch             |     1 |     2 ||     3
         Flail             |       |    96 ||    96
  Throw: Dart              |       |     2 ||     2
         Boomerang         |       |     1 ||     1
    Use: Scroll            |     1 |    11 ||    12
         Potion            |       |     2 ||     2
 Armour: Leather armour    |    66 |    39 ||   105
         Ring mail         |       |    19 ||    19
  Dodge: Dodged            |   139 |   102 ||   241

Table legend: (Time is in decaauts)
 A = Elapsed time spent in this place.
 B = Non-inter-level travel time spent in this place.
 C = Inter-level travel time spent in this place.
 D = Time resting spent in this place.
 E = Time spent auto-exploring this place.
 F = Levels seen in this place.
 G = Mean time per level.
                   A        B        C        D        E       F      G
               +--------+--------+--------+--------+--------+-----+--------+
         Total |   4289 |   4050 |    239 |    516 |   2559 |   6 |  714.8 |
       Dungeon |   4210 |   3988 |    222 |    516 |   2522 |   5 |  842.0 |
        Temple |     78 |     61 |     17 |      0 |     37 |   1 |   78.0 |
               +--------+--------+--------+--------+--------+-----+--------+

Top non-repeatable levels by time:
     D:1: 1120 daAuts
     D:4: 1104 daAuts
     D:3: 958 daAuts
     D:2: 923 daAuts
     D:5: 103 daAuts
  Temple: 78 daAuts
